 Dungeon Crawl Stone Soup version 0.27-a0-1196-g3e9cee4cb2 (webtiles) character file.

Game seed: 7940266999566005253

890 mordus the Conjurer (level 7, -8/50 HPs)
             Began as a Green Draconian Conjurer on May 28, 2021.
             Mangled by a wight
             ... wielding a +0 long sword
              (9 damage)
             ... on level 5 of the Dungeon.
             The game lasted 00:24:34 (5713 turns).

mordus the Conjurer (Green Draconian Conjurer)      Turns: 5713, Time: 00:24:34

Health: -8/50      AC: 10    Str: 15    XL:     7   Next: 77%
Magic:  11/14      EV: 12    Int: 20    God:
Gold:   379        SH:  0    Dex: 10    Spells: 13/16 levels left

rFire    . . .     SeeInvis .   h - staff of poison
rCold    . . .     Faith    .   (no shield)
rNeg     . . .     Spirit   .   (armour unavailable)
rPois    +         Reflect  .   (helmet restricted)
rElec    .         Harm     .   (no cloak)
rCorr    .         Rampage  .   (no gloves)
Will     .....                  (no boots)
Stlth    ++........             l - amulet of magic regeneration
HPRegen  0.16/turn              d - +6 ring of strength
MPRegen  0.39/turn              i - +4 ring of protection

@: no status effects
A: breathe noxious fumes, AC +6, unfitting armour, poison resistance,
cold-blooded
a: Breathe Noxious Fumes


You were on level 5 of the Dungeon.
You visited 1 branch of the dungeon, and saw 6 of its levels.

You collected 379 gold pieces.

Inventory:

Hand Weapons
 b - a +0 dagger
Magical Staves
 h - a staff of poison (weapon)
 k - a staff of cold
Jewellery
 d - a +6 ring of strength (left hand)
 i - a +4 ring of protection (right hand)
 l - an amulet of magic regeneration (around neck)
 o - a ring of willpower
 p - a ring of protection from cold
Wands
 n - a wand of iceblast (9)
Scrolls
 c - 2 scrolls of fog
 g - a scroll of identify
 q - a scroll of magic mapping
 r - 2 scrolls of teleportation
 s - a scroll of noise {unknown}
Potions
 a - 2 potions of curing
 e - 2 potions of degeneration {unknown}
 f - a potion of heal wounds {unknown}
 j - 2 potions of lignification {unknown}
 m - a potion of haste {unknown}


   Skills:
 + Level 4.3 Staves
 - Level 1.7 Dodging
 - Level 1.7 Stealth
 + Level 5.2 Spellcasting
 + Level 6.6 Conjurations


You had 13 spell levels left.
You knew the following spells:

 Your Spells              Type           Power      Damage    Failure   Level
a - Magic Dart            Conj           100%       1d8       1%          1
b - Searing Ray           Conj           64%        3d5       1%          2

Your spell library contained the following spells:

 Spells                   Type           Power      Damage    Failure   Level
 Shock                    Conj/Air       72%        1d7       3%          1
 Static Discharge         Conj/Air       18%        N/A       4%          2
 Conjure Flame            Conj/Fire      18%        6-21      9%          3
 Dazzling Flash           Conj/Hex       36%        N/A       9%          3
 Corona                   Hex            5%         N/A       12%         1
 Mephitic Cloud           Conj/Pois/Air  21%        N/A       14%         3
 Blink                    Tloc           N/A        N/A       17%         2
 Call Imp                 Summ           5%         N/A       17%         2
 Ensorcelled Hibernation  Hex/Ice        10%        N/A       17%         2
 Slow                     Hex            5%         N/A       17%         2
 Fulminant Prism          Conj/Hex       9%         3d7       28%         4
 Iskenderun's Mystic Bla  Conj/Tloc      18%        2d6       28%         4
 Confusing Touch          Hex            5%         N/A       34%         3
 Swiftness                Air            5%         N/A       34%         3
 Tukima's Dance           Hex            5%         N/A       34%         3
 Lightning Bolt           Conj/Air       9%         1d21      63%         5
 Airstrike                Air            2%         N/A       75%         4


Dungeon Overview and Level Annotations

Branches:
Dungeon (6/15)
 Temple: D:4-7

Altars:
Fedhas
Gozag
Wu Jian

Shops:
D:3 =   D:4 *=(?=   D:5 (

Annotations:
D:5 1 runed translucent door, Drazool's ghost, novice DjIE


Innate Abilities, Weirdness & Mutations

You can breathe blasts of noxious fumes.
Your lurid green scales are hard. (AC +6)
You cannot fit into any form of body armour.
Your system is resistant to poisons. (rPois)
You are cold-blooded and may be slowed by cold attacks.


Message History

The wight hits you with a +2 falchion.
The searing ray hits the wight.
You destroy the wight!
Your life force feels restored.
You start resting.
Magic restored.
You climb downwards.
The wight closely misses you.
The wight hits you with a +2 great sword!
The wight hits you with a +0 long sword.
The wight barely misses you.
There is a stone staircase leading up, spattered with blood here.
The wight hits you with a +0 long sword.
The wight barely misses you.
You climb upwards.
Level annotation: 1 runed translucent door, Drazool's ghost, novice DjIE
There is a stone staircase leading down here.
Casting: Searing Ray (safe; 1% risk of failure)
Confirm with . or Enter, or press ? or * to list all spells.
Aiming: Searing Ray (safe; 1% risk of failure)
Press: ? - help, Shift-Dir - straight line The searing ray hits the wight.
The wight is moderately damaged. (Press . to maintain the ray.)
The wight closely misses you. x2
The searing ray hits the wight but does no damage.
The wight is moderately damaged.
The wight closely misses you.
The wight hits you with a +2 great sword.
The searing ray hits the wight.
The wight is heavily damaged.
The wight hits you with a +0 long sword.
The wight hits you with a +2 great sword!
* * * LOW HITPOINT WARNING * * *
The searing ray hits the wight.
The wight is almost destroyed.
You finish channeling your searing ray.
The wight hits you but does no damage.
The wight hits you with a +2 great sword.
* * * LOW HITPOINT WARNING * * *
The wight hits you with a +0 long sword!
You die...

##......#.........
##.)..........###..
###....#####....#
##. ####....###
#...##.####.
##......##
#...........
#......##
###########.
#....### ## #.####
### # #.######@# #
#......zz# #
########.# # #.#
#.# #.# #.# #.# #.#
#####


You could see 2 wights.

Vanquished Creatures
  An orc warrior (D:5)
  A necrophage (D:6)
  An ogre (D:5)
  A phantom (D:4)
  A wight (D:5)
  A bullfrog zombie (D:5)
  3 hounds
  A jelly (D:6)
  A bullfrog skeleton (D:5)
  Natasha (D:3)
  An iguana (D:5)
  A scorpion zombie (D:5)
  An orc wizard (D:6)
  A hound skeleton (D:4)
  A howler monkey zombie (D:5)
  4 gnolls (D:5)
  4 adders
  A white imp (D:5)
  An ufetubus (D:5)
  An adder skeleton (D:4)
  4 dart slugs
  18 orcs
  4 ball pythons
  5 bats
  3 endoplasms (D:1)
  3 giant cockroaches
  8 hobgoblins
  6 jackals
  4 quokkas
  4 frilled lizards
  7 goblins
  9 kobolds
  6 rats
109 creatures vanquished.

Notes
Turn   | Place    | Note
-------+----------+-------------------------------------------
     0 | D:1      | mordus the Draconian Conjurer began the quest for the Orb.
     0 | D:1      | Reached XP level 1. HP: 14/14 MP: 3/3
    19 | D:1      | You fall into a shaft and drop 1 floor!
   138 | D:2      | Reached XP level 2. HP: 15/20 MP: 1/5
   404 | D:2      | Learned a level 2 spell: Searing Ray
   573 | D:1      | Reached XP level 3. HP: 26/26 MP: 5/7
   796 | D:1      | Found a faded altar of an unknown god.
  2411 | D:3      | Found Opis's Jewellery Emporium.
  2638 | D:3      | Reached XP level 4. HP: 33/33 MP: 3/8
  2801 | D:3      | Noticed Natasha
  2815 | D:3      | Killed Natasha
  3036 | D:4      | Found Etzonock's Jewellery Shop.
  3072 | D:4      | Reached skill level 1 in Staves
  3072 | D:4      | Reached skill level 5 in Conjurations
  3245 | D:4      | Reached XP level 5. HP: 38/38 MP: 8/10
  3355 | D:4      | Found Ybbulide's Antique Weapon Emporium.
  3408 | D:4      | Found Uvemek's Jewellery Emporium.
  3408 | D:4      | Found Gekhloh's Magic Scroll Shoppe.
  3488 | D:4      | Found a blossoming altar of Fedhas.
  3522 | D:4      | Noticed a phantom
  3546 | D:4      | Killed a phantom
  3745 | D:4      | Reached XP level 6. HP: 45/45 MP: 6/12
  3967 | D:4      | Found an ornate altar of the Wu Jian Council.
  4211 | D:4      | Found Kaikux's Assorted Antiques.
  4239 | D:5      | Entered Level 5 of the Dungeon
  4303 | D:5      | Found a runed translucent door.
  4749 | D:5      | Reached skill level 6 in Conjurations
  4749 | D:5      | Your scales start taking on a lurid green colour.
  4749 | D:5      | Reached XP level 7. HP: 29/50 MP: 9/13
  4749 | D:5      | Gained mutation: Your system is resistant to poisons.
                  | (rPois) [Green Draconian growth]
  5201 | D:5      | Found Jixushag's Antique Weapon Shoppe.
  5332 | D:5      | Noticed Drazool's ghost (novice DjIE)
  5605 | D:6      | Found an opulent altar of Gozag.
  5635 | D:6      | Reached skill level 5 in Spellcasting
  5712 | D:5      | HP: 1/50 [wight/+2 great sword (4)]
  5713 | D:5      | Mangled by a wight

Illustrated notes

Levels and vault maps discovered:
D:1:      lightli_arrival_chessboard, layout_basic,
          chequers_ecumenical_altar_simple_redux
D:2:      layout_loops_cross
D:3:      layout_loops_corners, serial_shops, shop, corner_web_ring,
          columned_hall_lemuel, uniq_natasha
D:4:      minmay_inner_zag, layout_gridville, fedhas_altar_3,
          nicolae_wu_jian_immortal_techniques, serial_shops, shop, shop,
          nicolae_shop_trees, shop_statue, shop
D:5:      corexii_shack_village, layout_rooms, serial_curves, eino_curves_02,
          eino_curves_02, serial_shops, kennysheep_mini_moat,
          ebering_ghost_reflecting_pool
D:6:      layout_cave_pools, old_standard_altar, hellmonk_ghost_happy_afterlife,
          kennysheep_boxes, uniq_crazy_yiuf_cottage

Skill      XL: |  1  2  3  4  5  6  7 |
---------------+----------------------+-----
Spellcasting   | 3 4 5 |  5.2
Staves         | 1 2 3 4 |  4.3
Conjurations   | 5 6 |  6.6
Dodging        | |  1.7
Stealth        | |  1.7

Action                   |  1- 3 |  4- 6 |  7- 9 || total
-------------------------+-------+-------+-------++-------
Melee: Club              |     1 |       |       ||     1
       Dagger            |    30 |       |       ||    30
       Tailslap          |     5 |     5 |     5 ||    15
       Staff             |       |    35 |    22 ||    57
 Cast: Magic Dart        |    88 |    96 |    36 ||   220
       Searing Ray       |       |     4 |     8 ||    12
 Abil: Breathe Noxious F |       |       |     2 ||     2
  Use: Scroll            |     4 |     3 |     1 ||     8
       Potion            |       |     1 |       ||     1
 Stab: Sleeping          |       |     2 |       ||     2
Armor: Skin              |    17 |    35 |     8 ||    60
Dodge: Dodged            |    27 |    52 |    32 ||   111

Table legend: (Time is in decaauts)
 A = Elapsed time spent in this place.
 B = Non-inter-level travel time spent in this place.
 C = Inter-level travel time spent in this place.
 D = Time resting spent in this place.
 E = Time spent auto-exploring this place.
 F = Levels seen in this place.
 G = Mean time per level.
                   A        B        C        D        E       F      G
               +--------+--------+--------+--------+--------+-----+--------+
         Total |   5722 |   5652 |     70 |   1476 |   3313 |   6 |  953.7 |
       Dungeon |   5722 |   5652 |     70 |   1476 |   3313 |   6 |  953.7 |
               +--------+--------+--------+--------+--------+-----+--------+

Top non-repeatable levels by time:
     D:5: 1385 daAuts
     D:4: 1249 daAuts
     D:3: 1124 daAuts
     D:1: 1000 daAuts
     D:2: 911 daAuts
     D:6: 50 daAuts
